3AA
DURHAM RAPIERS @ BELVEDERE PARK RAWHIDES
06/07/2034
 
TOP OF THE 1ST
Durham Rapiers batting - Pitching for Belvedere Park Rawhides : RHP Santiago Ramírez
Pitching: RHP Santiago Ramírez
Batting: RHB Huai-yi Yang 0-0: Ball
1-0: Called Strike
1-1: Fly out, F9 (Flyball, 89S)
Batting: LHB Steve Costillo 0-0: Called Strike
0-1: Ball
1-1: Ball
2-1: SINGLE (Groundball, 4MD)
Batting: RHB Juan Guzmán 0-0: SINGLE (Flyball, 78M)
Steve Costillo to second
Batting: RHB Mun-wah Law 0-0: Foul Ball, location: 2F
0-1: Ball
1-1: Foul Ball, location: 2F
1-2: Ball
2-2: Ball
3-2: SINGLE (Line Drive, 4MD)
Steve Costillo to third
Juan Guzmán to second
Steve Costillo scores
Juan Guzmán to third
Batting: RHB Qwuntrezz Knight 0-0: Called Strike
0-1: Ball
1-1: Ball
2-1: Ball
3-1: Called Strike
3-2: Foul Ball, location: 2F
3-2: Base on Balls
Mun-wah Law to second
Batting: RHB Mason Congdon 0-0: Foul Ball, location: 2F
0-1: Grounds into double play, 6-4-3 (Groundball, 6M)
Top of the 1st over - 1 run, 3 hits, 0 errors, 2 left on base; Durham 1 - Belvedere Park 0
BOTTOM OF THE 1ST
Belvedere Park Rawhides batting - Pitching for Durham Rapiers : RHP Ángel Roldán
Pitching: RHP Ángel Roldán
Batting: SHB José Pinto 0-0: Called Strike
0-1: Ball
1-1: Foul Ball, location: 2F
1-2: Ground out 5-3 (Groundball, 56)
Batting: LHB Ken Gill 0-0: Ball
1-0: Ball
2-0: Called Strike
2-1: Foul Ball, location: 2F
2-2: DOUBLE (Line Drive, 9LM)
Batting: LHB Connor Petty 0-0: Swinging Strike
0-1: Ball
1-1: Ball
2-1: Ball
3-1: Foul Ball, location: 2F
3-2: Fly out, F6 (Line Drive, 6)
Batting: RHB Domingo Trujillo 0-0: Foul Ball, location: 2F
0-1: Foul Ball, location: 2F
0-2: Foul Ball, location: 2F
0-2: Ground out 6-3 (Groundball, 56)
Bottom of the 1st over - 0 runs, 1 hit, 0 errors, 1 left on base; Durham 1 - Belvedere Park 0
TOP OF THE 2ND
Durham Rapiers batting - Pitching for Belvedere Park Rawhides : RHP Santiago Ramírez
Batting: LHB Dante Aristizabal 0-0: Ball
1-0: Ball
2-0: Called Strike
2-1: Foul Ball, location: 2F
2-2: Strikes out swinging
Batting: RHB Scotty Glenn 0-0: Ball
1-0: Fly out, F9 (Line Drive, 9)
Batting: RHB Tso-i Wang 0-0: Ball
1-0: Ball
2-0: Ball
3-0: Called Strike
3-1: Foul Ball, location: 2F
3-2: Strikes out looking
Top of the 2nd over - 0 runs, 0 hits, 0 errors, 0 left on base; Durham 1 - Belvedere Park 0
BOTTOM OF THE 2ND
Belvedere Park Rawhides batting - Pitching for Durham Rapiers : RHP Ángel Roldán
Batting: RHB Pat Lloyd 0-0: Ground out 6-3 (Groundball, 6)
Batting: RHB David Martínez 0-0: Foul Ball, location: 2F
0-1: DOUBLE (Line Drive, 7LD)
Batting: RHB Pat Sizemore 0-0: Called Strike
0-1: Ball
1-1: Foul Ball, location: 2F
1-2: Ball
2-2: Ball
3-2: Fly out, F9 (Flyball, 9S)
Batting: RHB Hang-ki Chung 0-0: Swinging Strike
0-1: Foul Ball, location: 2F
0-2: Fly out, F8 (Flyball, 89M)
Bottom of the 2nd over - 0 runs, 1 hit, 0 errors, 1 left on base; Durham 1 - Belvedere Park 0
TOP OF THE 3RD
Durham Rapiers batting - Pitching for Belvedere Park Rawhides : RHP Santiago Ramírez
Batting: RHB Huai-yi Yang 0-0: Fly out, F4 (Popup, 23)
Batting: LHB Steve Costillo 0-0: Called Strike
0-1: Ground out 4-3 (Groundball, 4)
Batting: RHB Juan Guzmán 0-0: Ball
1-0: Foul Ball, location: 2F
1-1: Called Strike
1-2: Strikes out swinging
Top of the 3rd over - 0 runs, 0 hits, 0 errors, 0 left on base; Durham 1 - Belvedere Park 0
BOTTOM OF THE 3RD
Belvedere Park Rawhides batting - Pitching for Durham Rapiers : RHP Ángel Roldán
Batting: RHB Tony Calhoun 0-0: Ball
1-0: Ball
2-0: Ball
3-0: Called Strike
3-1: Called Strike
3-2: Strikes out swinging
Batting: SHB José Pinto 0-0: Called Strike
0-1: Ball
1-1: Swinging Strike
1-2: Foul Ball, location: 2F
1-2: Fly out, F7 (Flyball, 7LM)
Batting: LHB Ken Gill 0-0: Ground out 4-3 (Groundball, 4)
Bottom of the 3rd over - 0 runs, 0 hits, 0 errors, 0 left on base; Durham 1 - Belvedere Park 0
TOP OF THE 4TH
Durham Rapiers batting - Pitching for Belvedere Park Rawhides : RHP Santiago Ramírez
Batting: RHB Mun-wah Law 0-0: Called Strike
0-1: Foul Ball, location: 2F
0-2: Ball
1-2: Foul Ball, location: 2F
1-2: Foul Ball, location: 2F
1-2: Fly out, F7 (Flyball, 7S)
Batting: RHB Qwuntrezz Knight 0-0: Foul Ball, location: 2F
0-1: Ground out 6-3 (Groundball, 6)
Batting: RHB Mason Congdon 0-0: Swinging Strike
0-1: Ball
1-1: Ball
2-1: Ball
3-1: Base on Balls
Batting: LHB Dante Aristizabal 0-0: Foul Ball, location: 2F
0-1: SINGLE (Line Drive, 89S)
Mason Congdon to second
Runner from 2nd tries for 3rd, SAFE, no throw
Batting: RHB Scotty Glenn 0-0: Called Strike
0-1: Ball
1-1: TRIPLE (Line Drive, 8LXD)
Mason Congdon scores
Dante Aristizabal scores
Batting: RHB Tso-i Wang 0-0: Called Strike
0-1: Ball
1-1: Fly out, F4 (Line Drive, 4M)
Top of the 4th over - 2 runs, 2 hits, 0 errors, 1 left on base; Durham 3 - Belvedere Park 0
BOTTOM OF THE 4TH
Belvedere Park Rawhides batting - Pitching for Durham Rapiers : RHP Ángel Roldán
Batting: LHB Connor Petty 0-0: Swinging Strike
0-1: Ground out 5-3 (Groundball, 56)
Batting: RHB Domingo Trujillo 0-0: Ball
1-0: Foul Ball, location: 2F
1-1: Foul Ball, location: 2F
1-2: Ball
2-2: Strikes out swinging
Batting: RHB Pat Lloyd 0-0: Fly out, F7 (Line Drive, 7LM)
Bottom of the 4th over - 0 runs, 0 hits, 0 errors, 0 left on base; Durham 3 - Belvedere Park 0
TOP OF THE 5TH
Durham Rapiers batting - Pitching for Belvedere Park Rawhides : RHP Santiago Ramírez
Batting: RHB Huai-yi Yang 0-0: Ball
1-0: Foul Ball, location: 2F
1-1: Ground out 6-3 (Groundball, 56)
Batting: LHB Steve Costillo 0-0: Ball
1-0: Ground out 4-3 (Groundball, 4)
Batting: RHB Juan Guzmán 0-0: Ball
1-0: Ground out U3 (Groundball, 2R)
Top of the 5th over - 0 runs, 0 hits, 0 errors, 0 left on base; Durham 3 - Belvedere Park 0
BOTTOM OF THE 5TH
Belvedere Park Rawhides batting - Pitching for Durham Rapiers : RHP Ángel Roldán
Batting: RHB David Martínez 0-0: Ball
1-0: Swinging Strike
1-1: Ball
2-1: Swinging Strike
2-2: Foul Ball, location: 2F
2-2: SINGLE (Groundball, 56D)
Batting: RHB Pat Sizemore 0-0: Ball
1-0: Called Strike
1-1: SINGLE (Flyball, 89M)
David Martínez to second
Batting: RHB Hang-ki Chung 0-0: Ball
1-0: Called Strike
1-1: DOUBLE (Flyball, 78D)
David Martínez scores
Pat Sizemore to third
Runner from 3rd tries for Home, SAFE, no throw
Batting: RHB Tony Calhoun 0-0: Foul Ball, location: 2F
0-1: Ball
1-1: Foul Ball, location: 2F
1-2: Fly out, F3 (Popup, 23F)
Batting: SHB José Pinto 0-0: Foul Ball, location: 2F
0-1: Called Strike
0-2: Ball
1-2: Ball
Wild Pitch!
Hang-ki Chung to third
2-2: Ball
3-2: SINGLE (Line Drive, 6MD)
Hang-ki Chung scores
Batting: LHB Ken Gill 0-0: Ball
1-0: Called Strike
1-1: Ball
2-1: Ball
3-1: Foul Ball, location: 2F
3-2: Base on Balls
José Pinto to second
Batting: LHB Connor Petty 0-0: Called Strike
0-1: Foul Ball, location: 2F
0-2: Ball
1-2: Strikes out swinging
Batting: RHB Domingo Trujillo 0-0: Fly out, F8 (Flyball, 8RD)
Bottom of the 5th over - 3 runs, 4 hits, 0 errors, 2 left on base; Durham 3 - Belvedere Park 3
TOP OF THE 6TH
Durham Rapiers batting - Pitching for Belvedere Park Rawhides : RHP Santiago Ramírez
Batting: RHB Mun-wah Law 0-0: Called Strike
0-1: Ball
1-1: Ball
2-1: Ball
3-1: Called Strike
3-2: Base on Balls
Batting: RHB Qwuntrezz Knight 0-0: Foul Ball, location: 2F
0-1: Ball
1-1: Swinging Strike
1-2: Strikes out swinging
Batting: RHB Mason Congdon 0-0: Foul Ball, location: 2F
0-1: Foul Ball, location: 2F
0-2: SINGLE (Groundball, 4MD)
Mun-wah Law to second
Batting: LHB Dante Aristizabal 0-0: Fielders Choice at 2nd, 4-6 (Groundball, 4)
Mun-wah Law to third
Batting: RHB Scotty Glenn 0-0: Called Strike
0-1: Fly out, F7 (Flyball, 7)
Top of the 6th over - 0 runs, 1 hit, 0 errors, 2 left on base; Durham 3 - Belvedere Park 3
BOTTOM OF THE 6TH
Belvedere Park Rawhides batting - Pitching for Durham Rapiers : RHP Ángel Roldán
Batting: RHB Pat Lloyd 0-0: Called Strike
0-1: SINGLE (Groundball, 6M) (infield hit)
Batting: RHB David Martínez 0-0: Ball
1-0: Called Strike
1-1: Fly out, F7 (Line Drive, 7S)
Batting: RHB Pat Sizemore 0-0: Ball
1-0: Foul Ball, location: 2F
1-1: Called Strike
1-2: SINGLE (Line Drive, 6MD)
Pat Lloyd to second
Batting: RHB Hang-ki Chung 0-0: Ball
Wild Pitch!
Pat Lloyd to third
Pat Sizemore to second
1-0: Ball
2-0: Ball
3-0: Base on Balls
Pitching: LHP Bill Minor
Batting: RHB Tony Calhoun 0-0: Ball
1-0: SINGLE (Flyball, 56D)
Pat Lloyd scores
Pat Sizemore to third
Hang-ki Chung to second
Batting: SHB José Pinto 0-0: SINGLE (Flyball, 8LS)
Pat Sizemore scores
Hang-ki Chung to third
Tony Calhoun to second
Runner from 3rd tries for Home, SAFE, no throw
Batting: LHB Ken Gill 0-0: Ball
1-0: Ball
Tony Calhoun steals 3rd base
2-0: Called Strike
2-1: Foul Ball, location: 2F
2-2: Ball
3-2: Fly out, F3 (Popup, 34S)
Batting: LHB Connor Petty 0-0: Ball
1-0: Ball
2-0: Ball
3-0: Base on Balls
José Pinto to second
Batting: RHB Domingo Trujillo 0-0: Ball
1-0: Foul Ball, location: 2F
1-1: Foul Ball, location: 2F
1-2: Ball
2-2: Foul Ball, location: 2F
2-2: Ball
3-2: Foul Ball, location: 2F
3-2: Fly out, F7 (Flyball, 78S)
Bottom of the 6th over - 3 runs, 4 hits, 0 errors, 3 left on base; Durham 3 - Belvedere Park 6
TOP OF THE 7TH
Durham Rapiers batting - Pitching for Belvedere Park Rawhides : RHP Santiago Ramírez
Batting: RHB Tso-i Wang 0-0: Called Strike
0-1: Ball
1-1: Ball
2-1: Called Strike
2-2: Ball
3-2: Foul Ball, location: 2F
3-2: Fly out, F9 (Flyball, 9LMF)
Pitching: RHP Ron Pomar
Batting: RHB Huai-yi Yang 0-0: Foul Ball, location: 2F
0-1: Fly out, F3 (Popup, 23F)
Batting: LHB Steve Costillo 0-0: Called Strike
0-1: Ball
1-1: Ball
2-1: SINGLE (Line Drive, 89S)
Batting: RHB Juan Guzmán 0-0: Ball
1-0: DOUBLE (Flyball, 89XD)
Steve Costillo to third
Runner from 3rd tries for Home, SAFE, no throw
Batting: RHB Mun-wah Law 0-0: Foul Ball, location: 2F
0-1: Ball
1-1: Swinging Strike
1-2: Ball
2-2: Ball
3-2: Base on Balls
Batting: RHB Qwuntrezz Knight 0-0: Ball
1-0: Called Strike
1-1: Ball
2-1: SINGLE (Line Drive, 6MD)
Juan Guzmán to third
Mun-wah Law to second
Batting: RHB Mason Congdon 0-0: Ball
1-0: GRAND SLAM HOME RUN (Flyball, 9LD), Distance : 355 ft
Pitching: RHP Jorge Ochoa
Batting: LHB Dante Aristizabal 0-0: Foul Ball, location: 2F
0-1: Swinging Strike
0-2: Ball
1-2: Fly out, F7 (Flyball, 7S)
Top of the 7th over - 5 runs, 4 hits, 0 errors, 0 left on base; Durham 8 - Belvedere Park 6
BOTTOM OF THE 7TH
Belvedere Park Rawhides batting - Pitching for Durham Rapiers : LHP Bill Minor
Batting: RHB Pat Lloyd 0-0: Called Strike
0-1: Ball
1-1: Swinging Strike
1-2: Ball
2-2: Ball
3-2: Strikes out swinging
Batting: RHB David Martínez 0-0: Ball
1-0: Foul Ball, location: 2F
1-1: Ball
2-1: Ball
3-1: Fly out, F9 (Flyball, 9LSF)
Batting: RHB Pat Sizemore 0-0: Foul Ball, location: 2F
0-1: Ball
1-1: Foul Ball, location: 2F
1-2: Ball
2-2: Fly out, F4 (Flyball, 34D)
Bottom of the 7th over - 0 runs, 0 hits, 0 errors, 0 left on base; Durham 8 - Belvedere Park 6
TOP OF THE 8TH
Durham Rapiers batting - Pitching for Belvedere Park Rawhides : RHP Jorge Ochoa
Batting: RHB Scotty Glenn 0-0: Called Strike
0-1: Ball
1-1: Ball
2-1: SINGLE (Line Drive, 8LS)
Batting: RHB Tso-i Wang 0-0: Ball
1-0: Sac Bunt - play at first, batter OUT! 1-3
Scotty Glenn to second
Batting: RHB Huai-yi Yang 0-0: Called Strike
0-1: Ball
1-1: Ball
2-1: Fly out, F8 (Flyball, 8LM)
Batting: LHB Steve Costillo 0-0: Ball
1-0: Ball
2-0: Swinging Strike
2-1: Ground out 6-3 (Groundball, 6)
Top of the 8th over - 0 runs, 1 hit, 0 errors, 1 left on base; Durham 8 - Belvedere Park 6
BOTTOM OF THE 8TH
Belvedere Park Rawhides batting - Pitching for Durham Rapiers : LHP Bill Minor
Batting: RHB Hang-ki Chung 0-0: Ball
1-0: Swinging Strike
1-1: Ball
2-1: Ball
3-1: DOUBLE (Flyball, 8RXD)
Batting: RHB Tony Calhoun 0-0: Called Strike
0-1: Ball
1-1: Swinging Strike
1-2: Strikes out swinging
Batting: SHB José Pinto 0-0: Called Strike
0-1: Ball
1-1: Swinging Strike
1-2: Foul Ball, location: 2F
1-2: Ball
2-2: Ground out U3 (Groundball, 34)
Hang-ki Chung to third
Pitching: RHP Bob Kennedy
Batting: LHB Ken Gill 0-0: Foul Ball, location: 2F
0-1: Ball
1-1: Ball
2-1: SINGLE (Flyball, 78S)
Hang-ki Chung scores
Batting: LHB Connor Petty 0-0: Ball
1-0: Ball
2-0: Ground out 4-3 (Groundball, 34S)
Bottom of the 8th over - 1 run, 2 hits, 0 errors, 1 left on base; Durham 8 - Belvedere Park 7
TOP OF THE 9TH
Durham Rapiers batting - Pitching for Belvedere Park Rawhides : RHP Jorge Ochoa
Pitching: LHP Joe Fisher
Batting: RHB Juan Guzmán 0-0: Ball
1-0: Fly out, F5 (Line Drive, 5)
Batting: RHB Mun-wah Law 0-0: Called Strike
0-1: SINGLE (Groundball, 56D)
Batting: RHB Qwuntrezz Knight 0-0: Called Strike
0-1: Ball
1-1: Called Strike
1-2: Foul Ball, location: 2F
1-2: Ball
2-2: Ground out 5-3 (Groundball, 25)
Mun-wah Law to second
Batting: RHB Mason Congdon 0-0: Ball
1-0: Ball
2-0: Called Strike
2-1: Ball
3-1: Base on Balls
Pinch Hitting: RHB Salvador Esparza Balk!
Mun-wah Law to third
Mason Congdon to second
0-0: Called Strike
0-1: Swinging Strike
0-2: Strikes out swinging
Top of the 9th over - 0 runs, 1 hit, 0 errors, 2 left on base; Durham 8 - Belvedere Park 7
BOTTOM OF THE 9TH
Belvedere Park Rawhides batting - Pitching for Durham Rapiers : RHP Bob Kennedy
Pitching: LHP Valentyn Hochmiller
Now in LF: Yoshi Kouda
Batting: RHB Domingo Trujillo 0-0: Ball
1-0: Called Strike
1-1: Ball
2-1: Swinging Strike
2-2: Strikes out swinging, 2-3 out at first.
Batting: RHB Pat Lloyd 0-0: Called Strike
0-1: Foul Ball, location: 2F
0-2: Ball
1-2: Foul Ball, location: 2F
1-2: Ball
2-2: Ball
3-2: Foul Ball, location: 2F
3-2: Base on Balls
Batting: RHB David Martínez 0-0: Fielders Choice at 2nd, 1-4 (Groundball, 15)
Batting: RHB Pat Sizemore 0-0: Called Strike
0-1: Ball
1-1: Ball
2-1: Foul Ball, location: 2F
2-2: Ball
3-2: Fly out, F6 (Popup, 6MS)
Bottom of the 9th over - 0 runs, 0 hits, 0 errors, 1 left on base; Durham 8 - Belvedere Park 7
Friday, March 29th, 2019 - OOTP Baseball 18.8 Build 76